 Dungeon Crawl Stone Soup version 0.29.1-15-g9cfb28693d (webtiles) character file.

Game seed: 17953759162315453119

592 DemonSlayer the Magician (level 7, -6/47 HPs)
             Began as a Demonspawn Earth Elementalist on Apr 9, 2023.
             Was an Initiate of Cheibriados.
             Mangled by Crazy Yiuf
             ... wielding a +2 quarterstaff of chaos
              (13 damage)
             ... on level 4 of the Dungeon.
             The game lasted 00:09:15 (4820 turns).

DemonSlayer the Magician (DsEE)                     Turns: 4820, Time: 00:09:15

Health: -6/47      AC:  7    Str:  9    XL:     7   Next: 16%
Magic:  11/15      EV: 12    Int: 17    God:    Cheibriados [......]
Gold:   265        SH:  0    Dex: 17    Spells: 4/16 levels left

rFire   . . .      SeeInvis .   n - +1 falchion (vorpal)
rCold   . . .      Faith    .   (no shield)
rNeg    . . .      Spirit   .   a - +0 robe
rPois   .          Reflect  .   (no helmet)
rElec   .          Harm     .   (no cloak)
rCorr   +          Rampage  .   (no gloves)
Will    .....                   (no boots)
Stlth   ++........              (no amulet)
HPRegen 0.15/turn               d - ring of resist corrosion
MPRegen 0.14/turn               u - +4 ring of protection

@: very slow
A: rugged brown scales 1, foul stench 1
a: Renounce Religion


You were on level 4 of the Dungeon.
You worshipped Cheibriados.
Cheibriados was noncommittal.
You visited 2 branches of the dungeon, and saw 5 of its levels.

You collected 265 gold pieces.

Inventory:

Hand Weapons
 n - a +1 vorpal falchion (weapon)
Armour
 a - a +0 robe (worn)
Jewellery
 d - a ring of resist corrosion (left hand)
 u - a +4 ring of protection (right hand)
Wands
 o - a wand of flame (12)
 r - a wand of paralysis (7)
Scrolls
 f - a scroll of acquirement {unknown}
 h - 3 scrolls of teleportation {unknown}
 l - a scroll of magic mapping {unknown}
 q - a scroll of torment {unknown}
 v - a scroll of identify
 w - a scroll of vulnerability {unknown}
Potions
 b - a potion of flight {unknown}
 c - 2 potions of curing {unknown}
 e - a potion of might {unknown}
 g - 5 potions of mutation {unknown}
 i - a potion of heal wounds
 j - a potion of attraction
 k - a potion of lignification {unknown}
 m - a potion of haste
 p - 2 potions of cancellation {unknown}
 s - a potion of brilliance {unknown}
 t - a potion of berserk rage


   Skills:
 + Level 0.2 Fighting
 + Level 0.3 Long Blades
 + Level 2.1 Dodging
 + Level 2.2 Stealth
 + Level 5.3 Spellcasting
 + Level 0.8 Transmutations
 + Level 5.2 Earth Magic


You had 4 spell levels left.
You knew the following spells:

 Your Spells              Type           Power      Damage    Failure   Level
a - Sandblast             Erth           44%        2d11      1%          1
b - Passwall              Tmut/Erth      11%        N/A       6%          2
c - Blink                 Tloc           8%         N/A       21%         2
d - Stone Arrow           Conj/Erth      26%        3d8       14%         3
e - Petrify               Tmut/Erth      14%        N/A       36%         4

Your spell library contained the following spells:

 Spells                   Type           Power      Damage    Failure   Level
 Apportation              Tloc           8%         N/A       14%         1
 Dazzling Flash           Conj/Hex       8%         N/A       38%         3
 Frozen Ramparts          Ice            8%         1d2       38%         3
 Ice Form                 Ice/Tmut       6%         N/A       75%         4
 Anguish                  Hex/Necr       2%         N/A       80%         4
 Summon Ice Beast         Ice/Summ       4%         N/A       80%         4
 Alistair's Intoxication  Tmut/Pois      4%         N/A       97%         5
 Agony                    Necr           4%         N/A       98%         5
 Manifold Assault         Tloc           4%         N/A       98%         5
 Silence                  Hex/Air        2%         N/A       98%         5
 Enfeeble                 Hex            2%         N/A       100%        7
 Storm Form               Tmut/Air       3%         N/A       100%        7


Dungeon Overview and Level Annotations

Branches:
Dungeon (4/15)             Temple (1/1) D:4

Altars:
Ashenzari
Cheibriados
Fedhas
Hepliaklqana
Kikubaaqudgha
Okawaru
Sif Muna
Trog
Wu Jian
Xom
Yredelemnul

Annotations:
D:4 Crazy Yiuf


Innate Abilities, Weirdness & Mutations

You are partially covered in rugged brown scales. (AC +1, +3% HP)
You may rarely emit foul miasma when damaged in melee.


Message History

Moving in this stuff is going to be slow.
There is a staircase back to the Dungeon here.
You climb upwards.
Welcome back to the Dungeon!
Level annotation: 1 runed translucent door, Crazy Yiuf
There is a staircase to the Ecumenical Temple here.
You see here a +0 halberd.
Items here: ( )))) [.
Things that are here:
a +0 chain mail; a +0 dagger Crazy Yiuf shouts!
Could not explore, unopened runed door.
Could not explore, unopened runed door.
Could not explore, unopened runed door.
You open the door.
The blast of sand hits Crazy Yiuf.
Crazy Yiuf is moderately wounded.
Crazy Yiuf whimpers, "Powder turtle tea!"
Crazy Yiuf misses you.
The blast of sand hits Crazy Yiuf!
Crazy Yiuf is almost dead.
Crazy Yiuf hits you but does no damage.
The blast of sand misses Crazy Yiuf.
Crazy Yiuf drinks a potion.
Crazy Yiuf goes berserk!
Crazy Yiuf hits you with a +2 quarterstaff of chaos.
Crazy Yiuf draws strength from your wounds!
The blast of sand hits Crazy Yiuf.
Crazy Yiuf is almost dead.
Crazy Yiuf hits you with a +2 quarterstaff of chaos!!
Crazy Yiuf burns you! Crazy Yiuf closely misses you.
You are too injured to fight recklessly!
Casting: Sandblast (safe; 1% risk of failure)
Confirm with . or Enter, or press ? or * to list all spells.
Aiming: Sandblast (safe; 1% risk of failure)
Press: ? - help, Shift-Dir - straight line, f/p - Crazy Yiuf
Aim: Crazy Yiuf, wielding a +2 quarterstaff of chaos and wearing a +0 cloak of stealth (almost dead, berserk, 85% to hit)
The blast of sand misses Crazy Yiuf.
Crazy Yiuf hits you with a +2 quarterstaff of chaos!
* * * LOW HITPOINT WARNING * * *
Crazy Yiuf hits you with a +2 quarterstaff of chaos!
You die...

######..## #...#.# #...
#....# #.###.###...
#P.PP# #.##........
##.P.# #...........
##.## ####..#.#... ##.#
#..#.###. #.## #..#.# #.
### ##.# #..#.# #. #.#
#@## ##....# #. #.# #g#
#....>###. #.# ...
#......##< #.# #...#
#......##. #.# #)..#
####.....##. #.# #####
#.....#..### #.#
#####.#..... #.#
###########.......
#.#####.................


You could see Crazy Yiuf (berserk).

Vanquished Creatures
  A scorpion (D:4)
  A hound (D:4)
  An orc priest (D:4)
  A gnoll bouda (D:4)
  Natasha (thrice) (D:2)
  An iguana (D:4)
  An orc wizard (D:4)
  11 gnolls
  11 adders
  2 ufetubi (D:4)
  A worm (D:3)
  6 dart slugs
  6 orcs
  14 ball pythons
  3 endoplasms
  2 giant cockroaches
  8 hobgoblins
  5 jackals
  A quokka (D:4)
  2 bats (D:2)
  6 frilled lizards
  9 goblins
  6 kobolds
  4 rats
106 creatures vanquished.

Notes
Turn   | Place    | Note
-------+----------+-------------------------------------------
     0 | D:1      | DemonSlayer the Demonspawn Earth Elementalist began the
                  | quest for the Orb.
     0 | D:1      | Reached XP level 1. HP: 13/13 MP: 3/3
   351 | D:1      | Gained mutation: You are partially covered in rugged brown
                  | scales. (AC +1, +3% HP) [demonic ancestry]
   351 | D:1      | Reached XP level 2. HP: 13/19 MP: 3/5
   798 | D:1      | Found a faded altar of an unknown god.
   955 | D:1      | Learned a level 2 spell: Passwall
   958 | D:1      | Learned a level 2 spell: Blink
  1075 | D:2      | Reached XP level 3. HP: 24/24 MP: 3/6
  1374 | D:2      | Noticed Natasha
  1376 | D:2      | Killed Natasha
  1377 | D:2      | Reached XP level 4. HP: 26/30 MP: 4/8
  1508 | D:2      | Noticed Natasha
  1521 | D:2      | Killed Natasha
  1522 | D:2      | Gained mutation: You may rarely emit foul miasma when
                  | damaged in melee. [demonic ancestry]
  1522 | D:2      | Reached XP level 5. HP: 9/36 MP: 3/10
  2077 | D:2      | Noticed Natasha
  2084 | D:2      | Killed Natasha
  2226 | D:2      | You fall into a shaft and drop 1 floor!
  2938 | D:3      | Reached XP level 6. HP: 42/42 MP: 9/12
  3149 | D:3      | Learned a level 3 spell: Stone Arrow
  3154 | D:3      | Learned a level 4 spell: Petrify
  3801 | D:4      | Reached skill level 5 in Earth Magic
  3807 | D:4      | Reached skill level 5 in Spellcasting
  4068 | D:4      | Found a bloodstained altar of Trog.
  4151 | D:4      | Found a runed translucent door.
  4152 | D:4      | Noticed Crazy Yiuf
  4289 | D:4      | Reached XP level 7. HP: 41/47 MP: 6/14
  4533 | D:4      | Found a staircase to the Ecumenical Temple.
  4666 | Temple   | Entered the Ecumenical Temple
  4733 | Temple   | Became a worshipper of Cheibriados the Contemplative
  4820 | D:4      | Mangled by Crazy Yiuf

Illustrated notes

Levels and vault maps discovered:
D:1:      spicycebolla_arrival_xxxplode, layout_rooms,
          hellmonk_ecumenical_altar_lost_god, minmay_liquid_box,
          minmay_heptomino_d4
D:2:      layout_basic, basic_altar, uniq_natasha
D:3:      layout_basic, elyvilon_altar_3
D:4:      layout_loops_ring, lemuel_coloured_pillars_altar, temple_hall,
          uniq_crazy_yiuf_cottage
Temple:   chequers_temple_sunken

Skill      XL: |  1  2  3  4  5  6 |
---------------+-------------------+-----
Earth Magic    | 3 4 5 |  5.2
Stealth        | 2 |  2.2
Dodging        | 2 |  2.1
Spellcasting   | 3 4 5 |  5.3
Fighting       | |  0.2
Long Blades    | |  0.3
Transmutations | |  0.8

Action                   |  1- 3 |  4- 6 |  7- 9 || total
-------------------------+-------+-------+-------++-------
Melee: Short sword       |     1 |       |       ||     1
       Falchion          |     6 |    11 |       ||    17
 Cast: Sandblast         |    48 |   114 |    22 ||   184
  Use: Scroll            |     2 |       |       ||     2
       Potion            |       |     1 |     3 ||     4
 Stab: Sleeping          |     1 |       |       ||     1
Armor: Robe              |     1 |    28 |     5 ||    34
Dodge: Dodged            |    21 |    70 |    10 ||   101
